 Dungeon Crawl Stone Soup version 0.27.1-2-g3b301248ec (webtiles) character file.

Game seed: 18364210455356711892

2 Jahmms the Firebug (level 1, 0/11 HPs)
             Began as an Octopode Fire Elementalist on Oct 1, 2021.
             Frozen to death by an endoplasm (4 damage)
             ... on level 1 of the Dungeon.
             The game lasted 00:01:33 (127 turns).

Jahmms the Firebug (Octopode Fire Elementalist)      Turns: 127, Time: 00:01:36

Health: 0/11       AC:  1    Str:  7    XL:     1   Next: 40%
Magic:  2/3        EV: 13    Int: 17    God:
Gold:   4          SH:  0    Dex: 12    Spells: 3/4 levels left

rFire    . . .     SeeInvis .   (no weapon)
rCold    . . .     Faith    .   (no shield)
rNeg     . . .     Spirit   .   (helmet restricted)
rPois    .         Reflect  .   (no amulet)
rElec    .         Harm     .   (no ring)
rCorr    .         Rampage  .   (no ring)
Will     .....                  (no ring)
Stlth    +++.......             (no ring)
HPRegen  0.03/turn              (no ring)
MPRegen  0.08/turn              (no ring)
                                (no ring)
                                (no ring)

@: no status effects
A: almost no armour, amphibious, 8 rings, camouflage 1, gelatinous body 1,
(nimble swimmer 1), tentacles
a: no special abilities


You were on level 1 of the Dungeon.
You visited 1 branch of the dungeon, and saw 1 of its levels.

You collected 4 gold pieces.

Inventory:

Scrolls
 a - a scroll of magic mapping {unknown}
 b - a scroll of holy word {unknown}


   Skills:
 + Level 2.0 Dodging
 + Level 2.6 Stealth
 + Level 2.1 Spellcasting
 + Level 1.0 Conjurations
 + Level 3.0 Fire Magic


You had 3 spell levels left.
You knew the following spells:

 Your Spells              Type           Power      Damage    Failure   Level
a - Foxfire               Conj/Fire      32%        2x1d5     9%          1

Your spell library contained the following spells:

 Spells                   Type           Power      Damage    Failure   Level
 Conjure Flame            Conj/Fire      8%         6-21      26%         3
 Inner Flame              Hex/Fire       7%         N/A       30%         3
 Sticky Flame             Conj/Fire      8%         2d3       63%         4
 Fireball                 Conj/Fire      4%         3d4       93%         5


Dungeon Overview and Level Annotations

Branches:
Dungeon (1/15)

Altars:


Innate Abilities, Weirdness & Mutations

You cannot wear most types of armour.
You are amphibious.
You can wear up to eight rings at the same time.
Your skin changes colour to match your surroundings (Stealth+).
Your rubbery body absorbs attacks. (AC +1, EV +1)
((You are camouflaged near water. (Stealth+)))
You have tentacles for arms and can constrict up to eight enemies at once.


Message History

You now have 4 gold pieces.
A goblin comes into view. It is wielding a +0 dagger.
The goblin shouts!
An endoplasm comes into view.
Casting: Foxfire (safe; 9% risk of failure)
Press: ? - help, Q - select action Dir - look around, f - activate
Okay, then.
The goblin barely misses you.
Casting: Foxfire (safe; 9% risk of failure)
Press: ? - help, Q - select action Dir - look around, f - activate You conjure some foxfire!
The goblin hits you with a +0 dagger.
You tentacle-slap the goblin. You grab the goblin.
The goblin is heavily wounded.
You constrict the goblin.
A hobgoblin comes into view.
The goblin hits you with a +0 dagger.
You tentacle-slap the goblin but do no damage.
The goblin is severely wounded.
You constrict the goblin.
The foxfire hits the endoplasm.
The endoplasm is heavily wounded.
The goblin misses you.
You tentacle-slap the goblin.
You kill the goblin!
The endoplasm freezes you.
You are frozen.
You tentacle-slap the hobgoblin but do no damage.
You grab the hobgoblin.
You constrict the hobgoblin, but do no damage.
The hobgoblin barely misses you. The endoplasm misses you.
You tentacle-slap the hobgoblin but do no damage.
You constrict the hobgoblin. The hobgoblin misses you.
The endoplasm misses you.
You tentacle-slap the hobgoblin but do no damage.
The hobgoblin is moderately wounded.
You constrict the hobgoblin, but do no damage.
The hobgoblin misses you. The endoplasm freezes you.
You are frozen.
You die...

#.# # #.#.# #.# #. #.#.#
#.# ..### ###.#.# #.#
..... ...#.# ... # #
..... ..#.# #.# .#.# ...
#.#.# #g# ....#
####.#####.#.###@#...###
.................J......
#.#.##.........#.#...###
# #.........#.#...... #.
#.........#.# #####
###.##.........#..
...............###
#####..........#
...............#


You could see an endoplasm and a hobgoblin.

Vanquished Creatures
  A goblin (D:1)
  A ball python (D:1)
  A rat (D:1)
3 creatures vanquished.

Vanquished Creatures (others)
  3 foxfires (D:1)
3 creatures vanquished.

Grand Total: 6 creatures vanquished

Notes
Turn   | Place    | Note
-------+----------+-------------------------------------------
     0 | D:1      | Jahmms the Octopode Fire Elementalist began the quest for
                  | the Orb.
     0 | D:1      | Reached XP level 1. HP: 11/11 MP: 3/3
   127 | D:1      | Frozen to death by an endoplasm

Illustrated notes

Levels and vault maps discovered:
D:1:      dpeg_arrival_boxorama, layout_basic

Action                   || total
-------------------------++-------
Melee: Unarmed           ||     7
       Constrict         ||     3
 Cast: Foxfire           ||     2
Dodge: Dodged            ||     8
